 Dungeon Crawl Stone Soup version 0.28-a0-730-g892d06dc2c (webtiles) character file.

Game seed: 13016899864414934979

248466 porpoise the Eclecticist (level 18, 0/101 HPs)
             Began as a Deep Elf Conjurer on Oct 27, 2021.
             Was a High Priest of Vehumet.
             Slain by a dire elephant (11 damage)
             ... on level 1 of the Vaults on Oct 29, 2021.
             The game lasted 04:44:31 (61960 turns).

porpoise the Eclecticist (Deep Elf Conjurer)       Turns: 61960, Time: 04:44:32

Health: 0/101      AC: 12    Str:  7    XL:     18   Next: 85%
Magic:  21/49      EV: 20    Int: 29    God:    Vehumet [*****.]
Gold:   1152       SH:  6    Dex: 18    Spells: 3/49 levels left

rFire   + + +      SeeInvis +   a - staff of air
rCold   + . .      Faith    .   F - +0 buckler {rF+}
rNeg    + . .      Spirit   .   f - +2 robe {rC+ rF+}
rPois   +          Reflect  .   y - +2 helmet
rElec   +          Harm     .   I - +2 cloak of Tomorrow {MP+9 Dex+3 SInv}
rCorr   +          Rampage  .   t - +0 pair of gloves
Will    ++...                   l - +0 pair of boots
Stlth   +++++.....              i - amulet of magic regeneration
HPRegen 0.26/turn               e - ring of Emmuothi {rPois rF+ rN+ rCorr Dex+2}
MPRegen 0.56/turn               d - ring of willpower

@: confusing by touch, very slightly contaminated, studying Unarmed Combat
A: no striking features
}: 2/15 runes: decaying, gossamer
a: Renounce Religion


You were on level 1 of the Vaults.
You worshipped Vehumet.
Vehumet was extremely pleased with you.
You visited 7 branches of the dungeon, and saw 33 of its levels.
You visited the Abyss 1 time.

You collected 3179 gold pieces.
You spent 2027 gold pieces at shops.

Inventory:

Hand Weapons
 b - a +1 hunting sling
Missiles
 r - 116 sling bullets
 w - 20 boomerangs
 J - 3 boomerangs of dispersal
 V - 5 curare-tipped darts (quivered)
Armour
 f - a +2 robe of resistance (worn)
 l - a +0 pair of boots (worn)
 t - a +0 pair of gloves (worn)
 y - a +2 helmet (worn)
 F - a +0 buckler of fire resistance (worn)
 I - the +2 cloak of Tomorrow (worn) {MP+9 Dex+3 SInv}
   (You bought it in a shop on level 2 of the Orcish Mines)

   Dex:       It affects your dexterity (+3).
   MP:        It affects your magic capacity (+9).
   SInv:      It lets you see invisible.
Magical Staves
 a - a staff of air (weapon)
Jewellery
 d - a ring of willpower (right hand)
 e - the ring of Emmuothi (left hand) {rPois rF+ rN+ rCorr Dex+2}
   (You acquired it on level 1 of the Orcish Mines)

   [ring of poison resistance]

   Dex:       It affects your dexterity (+2).
   rF:        It protects you from fire.
   rPois:     It protects you from poison.
   rN:        It protects you from negative energy.
   rCorr:     It protects you from acid and corrosion.
 i - an amulet of magic regeneration (around neck)
 k - a ring of ice
Wands
 g - a wand of paralysis (10)
 o - a wand of digging (10)
 z - a wand of polymorph (13)
 A - a wand of iceblast (28)
 C - a wand of acid (53)
 O - a wand of charming (19)
 U - a wand of flame (126)
Scrolls
 h - 2 scrolls of holy word
 m - a scroll of fog
 s - 6 scrolls of vulnerability
 x - 4 scrolls of magic mapping
 B - 5 scrolls of identify
 T - a scroll of fear
 Z - 7 scrolls of immolation
Potions
 c - 6 potions of heal wounds
 n - a potion of magic
 u - 8 potions of lignification
 v - 6 potions of attraction
 G - 4 potions of curing
 H - a potion of invisibility
 L - 3 potions of resistance
 N - 7 potions of ambrosia
 S - 7 potions of haste
Miscellaneous
 j - a tin of tremorstones (2/2)
 q - a condenser vane
 D - a phantom mirror
 K - a phial of floods


   Skills:
 - Level 7.0 Fighting
 - Level 12.0 Dodging
 - Level 12.4 Stealth
 - Level 7.0 Shields
 - Level 16.0 Spellcasting
 - Level 14.0 Conjurations
 - Level 16.0 Hexes
 + Level 4.9 Necromancy
 - Level 12.0 Translocations
 + Level 7.5 Transmutations
 - Level 14.0 Fire Magic
 - Level 15.0 Earth Magic
 - Level 9.0 Evocations


You had 3 spell levels left.
You knew the following spells:

 Your Spells              Type           Power      Damage    Failure   Level
b - Sublimation of Blood  Necr           25%        N/A       1%          2
c - Fulminant Prism       Conj/Hex       41%        3d20      1%          4
d - Iskenderun's Mystic   Conj/Tloc      78%        2d16      1%          4
e - Iron Shot             Conj/Erth      41%        9d8       1%          6
f - Fireball              Conj/Fire      40%        3d16      1%          5
k - Blink                 Tloc           100%       N/A       1%          2
o - Orb of Destruction    Conj           40%        9d14      1%          7
r - Irradiate             Conj/Tmut      35%        3d25      1%          5
s - Stone Arrow           Conj/Erth      100%       3d13      0%          3
t - Confusing Touch       Hex            86%        N/A       0%          3
v - Borgnjor's Vile Clut  Necr/Erth      34%        N/A       1%          5

Your spell library contained the following spells:

 Spells                   Type           Power      Damage    Failure   Level
 Ignition                 Fire           40%        3d12      11%         8
 Apportation              Tloc           100%       N/A       0%          1
 Magic Dart               Conj           100%       1d8       0%          1
 Searing Ray              Conj           100%       2d8       0%          2
 Slow                     Hex            86%        N/A       0%          2
 Conjure Flame            Conj/Fire      81%        6-21      0%          3
 Dazzling Flash           Conj/Hex       100%       N/A       0%          3
 Animate Skeleton         Necr           100%       N/A       1%          1
 Pain                     Necr           100%       1d9       1%          1
 Summon Small Mammal      Summ           92%        N/A       1%          1
 Corpse Rot               Necr/Air       100%       N/A       1%          2
 Ensorcelled Hibernation  Hex/Ice        100%       N/A       1%          2
 Ignite Poison            Fire/Tmut/Pois 59%        N/A       1%          3
 Lesser Beckoning         Tloc           75%        N/A       1%          3
 Spider Form              Tmut/Pois      22%        N/A       1%          3
 Summon Guardian Golem    Hex/Summ       62%        N/A       1%          3
 Vampiric Draining        Necr           25%        2d9       1%          3
 Ozocubu's Armour         Ice            23%        N/A       6%          3
 Cause Fear               Hex            43%        N/A       1%          4
 Leda's Liquefaction      Hex/Erth       42%        N/A       1%          4
 Passage of Golubria      Tloc           75%        N/A       1%          4
 Petrify                  Tmut/Erth      73%        N/A       1%          4
 Sticky Flame             Conj/Fire      81%        2d9       1%          4
 Iskenderun's Battlesphe  Conj           81%        2d13      1%          5
 Lee's Rapid Deconstruct  Erth           41%        3d21*     1%          5
 Manifold Assault         Tloc           75%        N/A       1%          5
 Metabolic Englaciation   Hex/Ice        31%        N/A       1%          5
 Silence                  Hex/Air        40%        N/A       1%          5
 Yara's Violent Unravell  Hex/Tmut       37%        3d15      1%          5
 Starburst                Conj/Fire      40%        6d12      1%          6
 Animate Dead             Necr           25%        N/A       2%          4
 Dispel Undead            Necr           51%        3d19      2%          4
 Statue Form              Tmut/Erth      48%        N/A       3%          6
 Conjure Ball Lightning   Conj/Air       38%        3x3d12    4%          6
 Agony                    Necr           51%        N/A       8%          5
 Lehudib's Crystal Spear  Conj/Erth      41%        10d10     10%         8
 Spellforged Servitor     Conj/Summ      29%        N/A       24%         7
 Death Channel            Necr           25%        N/A       38%         6
 Dragon Form              Tmut           30%        N/A       61%         7
 Malign Gateway           Summ/Tloc      27%        N/A       82%         7
 Ozocubu's Refrigeration  Ice            11%        4d7       98%         7
 Borgnjor's Revivificati  Necr           25%        N/A       100%        8
 Necromutation            Tmut/Necr      28%        N/A       100%        8
 Summon Horrible Things   Summ           11%        N/A       100%        8
 Death's Door             Necr           25%        N/A       100%        9
 Dragon's Call            Summ           11%        N/A       100%        9


Dungeon Overview and Level Annotations

Branches:
Dungeon (15/15)            Temple (1/1) D:6            Lair (6/6) D:11
  Swamp (4/4) Lair:4       Spider (4/4) Lair:3        Slime (0/5) Lair:5
    Orc (2/2) D:12            Elf (0/3) Orc:2        Vaults (1/5) D:14
 Depths (0/4) D:15

Altars:
Ashenzari
Cheibriados
Dithmenos
Elyvilon
Fedhas
Gozag
Hepliaklqana
Kikubaaqudgha
Makhleb
Nemelex Xobeh
Okawaru
Qazlal
Ru
Sif Muna
Trog
Uskayaw
Vehumet
Wu Jian
Xom
Yredelemnul
Zin
The Shining One
Beogh

Shops:
D:1 ((?*   D:5 (   Orc:1 *   Orc:2 =(*[   Vaults:1 !

Portals:
Trove: D:14 (give +2 fire dragon scales)


Message History

The dire elephant misses you.
Unknown command.
Casting: Confusing Touch (safe; 0% risk of failure)
Confirm with . or Enter, or press ? or * to list all spells.
You erupt in a fountain of uncontrolled magic!
The dire elephant is blasted with magical radiation!!!
The dire elephant is severely wounded.
The dire elephant twists and deforms.
The dire elephant is blasted with magical radiation!!
The dire elephant is heavily wounded.
The dire elephant twists and deforms.
You are very lightly contaminated with residual magic.
The dire elephant tramples you!
* * * LOW HITPOINT WARNING * * *
You stumble backwards!
Okay, then.
Unknown command.
Casting: Irradiate (mildly dangerous; 1% risk of failure)
Confirm with . or Enter, or press ? or * to list all spells.
You blink.
Casting: Blink (safe; 1% risk of failure)
Confirm with . or Enter, or press ? or * to list all spells.
Aiming: Orb of Destruction (dangerous; 1% risk of failure)
Press: ? - help, Shift-Dir - straight line, f - dire elephant, p - dire elephant
Aim: a dire elephant (lightly wounded, chance to confuse on hit: 21%)
The wavering orb of destruction hits the dire elephant!!!
The dire elephant is moderately wounded.
Casting: Orb of Destruction (dangerous; 1% risk of failure)
Confirm with . or Enter, or press ? or * to list all spells.
You don't know that spell.
The dire elephant tramples you but does no damage.
The dire elephant trunk-slaps you.
* * * LOW HITPOINT WARNING * * *
The dire elephant barely misses you. The dire elephant trunk-slaps you!
* * * LOW HITPOINT WARNING * * *
Unknown command.
Casting: Orb of Destruction (dangerous; 1% risk of failure)
Confirm with . or Enter, or press ? or * to list all spells.
You blink.
The dire elephant tramples you!
You die...

..............#
..
.........∩....#
###..........#
#..........#
#..........#
#..........#
#.......YY.#
#.......Y..#
#........@.#
#..........#
##..........#
..............#
..............#
#####.......[.#
#.........#
+.........#
#.........#


You could see 3 dire elephants.

Vanquished Creatures
  Bai Suzhen (Swamp:3)
  Rupert (D:15)
  A tentacled monstrosity (Swamp:1)
  Agnes (D:14)
  5 thorn hunters
  A tentacled starspawn (Abyss:2)
  A fenstrider witch (Swamp:4)
  4 ghost moths
  Louise (D:15)
  8 emperor scorpions
  A ghost moth (shapeshifter) (D:15)
  An orc warlord (Orc:2)
  Aizul (Swamp:3)
  A vault warden (Vaults:1)
  A war gargoyle (Vaults:1)
  An ironbound preserver (Vaults:1)
  2 vampire knights (Swamp:4)
  6 bunyips
  4 entropy weavers
  7 eleionomae
  An ettin (Orc:2)
  A fire dragon (D:14)
  3 shambling mangroves (Swamp:4)
  A great orb of eyes (D:15)
  2 rakshasas (Abyss:2)
  An ironbound thunderhulk (D:14)
  4 vault guards (D:14)
  10 boulder beetles
  A ghost crab (Swamp:3)
  25 hydras
  A merfolk avatar (Lair:6)
  11 centaur warriors
  An ogre mage (D:13)
  An ironbound frostheart (Vaults:1)
  3 catoblepae
  11 two-headed ogres
  A tengu warrior (D:13)
  5 alligators
  4 death yaks (Lair:5)
  A dancing weapon (D:15)
  An orc high priest (Orc:2)
  3 spriggans
  Urug (Orc:2)
  3 goliath frogs
  4 skeletal warriors (D:12)
  A glowing orange brain (Abyss:2)
  2 cherubim (D:15)
  2 sea snakes (Lair:6)
  8 deep trolls
  2 spriggan druids (Swamp:4)
  A lindwurm (shapeshifter) (D:15)
  A wizard (D:15)
  5 spectral hydras (Swamp:4)
  3 bog bodies
  An ironbound convoker (Vaults:1)
  9 swamp dragons
  7 deep elf pyromancers
  21 ugly things
  4 orc knights
  11 orb spiders
  An orb spider (shapeshifter) (D:13)
  A phantasmal warrior (Swamp:4)
  35 wolf spiders
  3 oklob plants (Swamp:4)
  3 harpies
  2 orc sorcerers (Orc:2)
  8 cyclopes
  3 will-o-the-wisps
  3 moths of wrath
  A black mamba (Lair:1)
  3 manticores
  2 centaur zombies (D:11)
  14 elephants
  3 vault sentinels
  3 torpor snails
  An unseen horror (D:7)
  A gargoyle (D:12)
  A kobold demonologist (D:10)
  4 rime drakes (Lair:6)
  Psyche (D:10)
  13 cane toads
  2 freezing wraiths
  An efreet (D:13)
  5 yaktaurs
  17 komodo dragons
  2 tengu conjurers (D:14)
  2 ancient zymes (Abyss:2)
  3 hydra zombies (Swamp:4)
  3 death drake zombies (Swamp:4)
  34 jumping spiders
  11 demonic crawlers
  4 trolls
  A jumping spider (shapeshifter) (D:15)
  6 polar bears
  A snapping turtle (Lair:6)
  4 meliai
  3 bloated husks
  9 tyrant leeches
  A death drake skeleton (Swamp:4)
  9 dream sheep
  14 hornets
  33 blink frogs
  13 slime creatures
  5 flying skulls (Abyss:2)
  72 redbacks
  Sigmund (D:3)
  A centaur simulacrum (D:14)
  2 wraiths
  3 wyverns
  29 tarantellas
  55 yaks
  Grum (D:10)
  4 fire bats (Lair:3)
  7 humans (D:14)
  A basilisk (Lair:2)
  3 steam dragons
  10 vampire mosquitoes
  A hydra simulacrum (Swamp:4)
  13 swamp worms
  5 wargs
  An acid dragon (D:12)
  18 water moccasins
  A sky beast (D:6)
  27 orc warriors
  A swamp drake (Swamp:4)
  An ice beast (D:5)
  5 black bears (D:11)
  A swamp dragon zombie (Swamp:4)
  A large abomination (Abyss:2)
  6 ogres
  19 wolves
  A tengu (shapeshifter) (D:14)
  A boggart (D:14)
  13 centaurs
  3 swamp dragon skeletons (Swamp:4)
  Blork the orc (D:5)
  A small abomination (Abyss:2)
  2 kobold brigands
  14 bullfrogs
  4 scorpions
  A water moccasin zombie (D:3)
  A hornet simulacrum (D:14)
  9 wights
  17 killer bees
  2 electric eels (Spider:4)
  7 howler monkeys
  A crimson imp (D:3)
  6 jellies
  A bullfrog skeleton (D:6)
  Crazy Yiuf (D:3)
  16 orc priests
  An iron imp (Abyss:2)
  4 iguanas
  29 orc wizards
  A hound skeleton (D:5)
  3 howler monkey skeletons
  Robin (D:4)
  2 gnolls (D:5)
  9 adders
  3 white imps
  3 ufetubi
  A worm (D:2)
  2 dart slugs
  60 orcs
  8 endoplasms
  4 giant cockroaches
  13 goblins
  13 hobgoblins
  5 jackals
  13 kobolds
  4 quokkas
  7 ball pythons
  6 bats
  3 frilled lizards
  A goblin skeleton (D:3)
  A goblin zombie (D:3)
  A kobold skeleton (D:3)
  A kobold zombie (D:3)
  An orc zombie (D:3)
  6 rats
  5 briar patches (Swamp:4)
  A starspawn tentacle (Abyss:2)
1119 creatures vanquished.

Vanquished Creatures (others)
  A vault guard (D:14)
  A will-o-the-wisp (Swamp:1)
  4 bushes
  10 foxfires
  217 fulminant prisms
  179 fungi
  196 plants
  A starspawn tentacle (Abyss:2)
  A withered plant (D:1)
610 creatures vanquished.

Grand Total: 1729 creatures vanquished

Notes
Turn   | Place    | Note
-------+----------+-------------------------------------------
     0 | D:1      | porpoise the Deep Elf Conjurer began the quest for the Orb.
     0 | D:1      | Reached XP level 1. HP: 10/10 MP: 6/6
   188 | D:1      | Found a faded altar of an unknown god.
   314 | D:1      | Found Xeoraik's Assorted Antiques.
   325 | D:1      | Found Qiclueta's Weapon Emporium.
   502 | D:1      | Found Ceok's Magic Scroll Emporium.
   688 | D:1      | Reached XP level 2. HP: 15/15 MP: 3/8
   958 | D:1      | Found Safa Egy's Weapon Boutique.
   965 | D:1      | Bought a +0 hunting sling for 21 gold pieces
  1306 | D:2      | Learned a level 2 spell: Searing Ray
  1488 | D:2      | Reached XP level 3. HP: 19/19 MP: 6/10
  1524 | D:2      | Reached skill level 5 in Conjurations
  2049 | D:2      | Reached XP level 4. HP: 24/24 MP: 8/12
  2083 | D:2      | Learned a level 4 spell: Fulminant Prism
  2088 | D:2      | Learned a level 4 spell: Iskenderun's Mystic Blast
  2571 | D:3      | Reached skill level 1 in Hexes
  2711 | D:3      | Reached skill level 5 in Spellcasting
  2711 | D:3      | Reached XP level 5. HP: 24/28 MP: 4/14
  2779 | D:3      | Found a glowing golden altar of the Shining One.
  2892 | D:3      | Found a shimmering altar of Xom.
  3098 | D:3      | Noticed an ogre
  3106 | D:3      | Killed an ogre
  3107 | D:3      | Reached XP level 6. HP: 32/32 MP: 9/17
  3364 | D:3      | Noticed Sigmund
  3373 | D:3      | Killed Sigmund
  3374 | D:3      | Reached skill level 5 in Hexes
  3653 | D:3      | Found a runed translucent door.
  3654 | D:3      | Noticed Crazy Yiuf
  3660 | D:3      | Killed Crazy Yiuf
  4140 | D:3      | Found an ornate altar of the Wu Jian Council.
  4234 | D:3      | Reached skill level 1 in Translocations
  4494 | D:4      | Reached XP level 7. HP: 36/36 MP: 19/19
  4579 | D:4      | Noticed Robin
  4588 | D:4      | Killed Robin
  5074 | D:4      | Identified the +1 dagger of the Brain {freeze, Int+2 Dex+9
                  | Stlth-}
  5704 | D:1      | Bought a ruby ring for 135 gold pieces
  5704 | D:1      | Bought a bubbling grey potion for 24 gold pieces
  5704 | D:1      | Bought a lumpy pink potion for 24 gold pieces
  5808 | D:5      | Entered Level 5 of the Dungeon
  5862 | D:5      | Found Zoku's Weapon Emporium.
  6787 | D:5      | Noticed Blork the orc
  6794 | D:5      | Killed Blork the orc
  7079 | D:5      | Reached XP level 8. HP: 39/41 MP: 13/20
  7120 | D:5      | Found an iron altar of Okawaru.
  7338 | D:6      | Found a staircase to the Ecumenical Temple.
  7433 | D:6      | Reached skill level 5 in Translocations
  7590 | D:6      | Reached skill level 1 in Fighting
  7776 | Temple   | Entered the Ecumenical Temple
  8301 | D:6      | Found an opulent altar of Gozag.
  8799 | D:6      | Noticed a troll
  8955 | D:6      | Reached XP level 9. HP: 43/51 MP: 15/24
  9017 | D:6      | Killed a troll
  9316 | D:7      | Identified the +3 falchion of Gejuttoy {venom, rC++ rCorr
                  | Int+10}
  9540 | D:7      | Reached skill level 5 in Fighting
  9716 | D:7      | Identified the +11 quarterstaff of Risk Management {vamp,
                  | rElec Int+4 Dex+2}
  9758 | D:7      | Noticed an unseen horror
  9764 | D:7      | Killed an unseen horror
  9972 | D:7      | Found a hide-covered altar of Uskayaw.
 10102 | D:7      | Reached skill level 10 in Spellcasting
 10261 | D:7      | Noticed a two-headed ogre
 10267 | D:7      | Killed a two-headed ogre
 10473 | D:8      | Reached XP level 10. HP: 59/59 MP: 14/27
 10957 | D:8      | Found a radiant altar of Vehumet.
 10965 | D:8      | Became a worshipper of Vehumet
 11074 | D:8      | Reached skill level 5 in Dodging
 11487 | D:8      | Found a shimmering blue altar of Sif Muna.
 11623 | D:8      | Found a burning altar of Makhleb.
 11625 | D:8      | Found a glowing silver altar of Zin.
 11625 | D:8      | Noticed an angel
 11626 | D:8      | Noticed a blizzard demon
 12170 | D:9      | Found a stormy altar of Qazlal.
 12200 | D:9      | Noticed a deep troll
 12209 | D:9      | Killed a deep troll
 12300 | D:9      | Found the amulet of Vitality {Regen+ HP+15}
 12414 | D:9      | Reached skill level 1 in Evocations
 13612 | D:9      | Found a broken altar of Ashenzari.
 13862 | D:10     | Entered Level 10 of the Dungeon
 13880 | D:10     | Noticed a rust devil
 13881 | D:10     | Reached XP level 11. HP: 63/63 MP: 22/29
 14192 | D:10     | You fall into a shaft and drop 1 floor!
 14204 | D:10     | Noticed Grum
 14206 | D:10     | Reached * piety under Vehumet
 14206 | D:10     | Offered knowledge of Shock by Vehumet.
 14271 | D:10     | Killed Grum
 14431 | D:10     | Found a sacrificial altar of Ru.
 14668 | D:10     | Noticed Psyche
 14673 | D:10     | Killed Psyche
 14845 | D:10     | Identified the +2 robe "Ilagg" {Int+5}
 14880 | D:10     | Learned a level 3 spell: Confusing Touch
 15010 | D:11     | Noticed a four-headed hydra
 15017 | D:11     | Killed a four-headed hydra
 15018 | D:11     | Reached skill level 5 in Evocations
 15637 | D:11     | Noticed a two-headed ogre
 15644 | D:11     | Killed a two-headed ogre
 15645 | D:11     | Reached skill level 5 in Stealth
 15670 | D:11     | Noticed a two-headed ogre
 15677 | D:11     | Killed a two-headed ogre
 16749 | D:11     | Found a staircase to the Lair.
 16789 | D:11     | Reached ** piety under Vehumet
 16789 | D:11     | Offered knowledge of Foxfire by Vehumet.
 16930 | D:11     | Noticed a two-headed ogre
 16935 | D:11     | Killed a two-headed ogre
 17339 | Lair:1   | Entered Level 1 of the Lair of Beasts
 17347 | Lair:1   | Reached XP level 12. HP: 68/68 MP: 16/30
 18354 | Lair:1   | Reached skill level 10 in Hexes
 18941 | Lair:1   | Identified the ring of the Lumpy Brambles {rCorr Dex+5
                  | Stlth-}
 19694 | Lair:2   | Noticed a boulder beetle
 19710 | Lair:2   | Killed a boulder beetle
 19908 | Lair:2   | Offered knowledge of Stone Arrow by Vehumet.
 19913 | Lair:2   | Learned a level 3 spell: Stone Arrow
 20103 | Lair:2   | Reached skill level 1 in Earth Magic
 21780 | Lair:2   | Reached *** piety under Vehumet
 21781 | Lair:2   | Reached XP level 13. HP: 72/72 MP: 28/33
 22286 | Lair:2   | Learned a level 7 spell: Orb of Destruction
 22837 | D:1      | Bought a scroll of teleportation for 42 gold pieces
 22837 | D:1      | Bought a scroll of teleportation for 42 gold pieces
 22837 | D:1      | Bought a scroll of magic mapping for 49 gold pieces
 22837 | D:1      | Bought a scroll of identify for 28 gold pieces
 22837 | D:1      | Bought a scroll of identify for 28 gold pieces
 23186 | D:1      | Bought a weird runed staff for 324 gold pieces
 23432 | Lair:3   | Found a hole to the Spider Nest.
 23434 | Lair:3   | Identified the +12 quarterstaff of Trauma {flame, rPois
                  | Str+2 Stlth+}
 23451 | Lair:2   | Reached skill level 5 in Earth Magic
 23581 | Lair:2   | Reached skill level 10 in Conjurations
 24695 | Lair:4   | Offered knowledge of Sticky Flame by Vehumet.
 25726 | Lair:4   | Reached **** piety under Vehumet
 26119 | Lair:4   | Found a staircase to the Swamp.
 26915 | Lair:5   | Offered knowledge of Fireball by Vehumet.
 27019 | Lair:5   | Learned a level 5 spell: Fireball
 27022 | Lair:5   | You fall into a shaft and drop 1 floor!
 27022 | Lair:6   | Entered Level 6 of the Lair of Beasts
 27388 | Lair:5   | Reached skill level 15 in Spellcasting
 27691 | Lair:5   | Reached XP level 14. HP: 78/78 MP: 5/35
 27960 | Lair:5   | Reached skill level 1 in Fire Magic
 28309 | Lair:5   | Found a staircase to the Slime Pits.
 29244 | D:12     | Reached skill level 10 in Dodging
 29729 | D:12     | Found a staircase to the Orcish Mines.
 30260 | D:13     | Reached skill level 5 in Fire Magic
 33039 | D:14     | Identified the +1 chain mail of the Wild Haggis {rF+ Will-
                  | MP+9 Str+3}
 33258 | D:14     | Reached ***** piety under Vehumet
 33259 | D:14     | Reached XP level 15. HP: 82/82 MP: 5/37
 33469 | D:14     | Offered knowledge of Olgreb's Toxic Radiance by Vehumet.
 33720 | D:14     | Noticed Agnes
 33730 | D:14     | Killed Agnes
 33731 | D:14     | Reached skill level 10 in Stealth
 34323 | D:14     | Found a portal to a secret trove of treasure.
 34770 | D:14     | Found a gate to the Vaults.
 34843 | D:15     | Entered Level 15 of the Dungeon
 34844 | D:15     | Noticed Rupert
 34851 | D:15     | Paralysed by Rupert for 3 turns
 34851 | D:15     | Killed Rupert
 35216 | D:15     | Noticed Louise
 35923 | D:15     | Found a broken altar of Ashenzari.
 36193 | D:15     | Cast into level 2 of the Abyss (a wizard)
 36532 | Abyss:2  | Noticed a tentacled starspawn
 36539 | Abyss:2  | Killed a tentacled starspawn
 36540 | Abyss:2  | Reached skill level 10 in Translocations
 36560 | D:15     | Escaped the Abyss
 37540 | D:15     | Killed Louise
 37937 | D:15     | Offered knowledge of Iron Shot by Vehumet.
 38133 | D:15     | Noticed a storm dragon
 38136 | D:15     | a storm dragon changed into an emperor scorpion
 38140 | D:15     | Noticed a ghost moth
 38140 | D:15     | a quicksilver ooze changed into a ghost moth
 38142 | D:15     | Killed a ghost moth
 38279 | D:15     | Found a staircase to the Depths.
 38467 | Orc:1    | Entered Level 1 of the Orcish Mines
 38467 | Orc:1    | Found Tuilir's General Store.
 38861 | Orc:1    | Found a burning altar of Makhleb.
 38880 | Orc:2    | Entered Level 2 of the Orcish Mines
 38888 | Orc:2    | Found a staircase to the Elven Halls.
 39784 | Orc:2    | Reached XP level 16. HP: 92/92 MP: 38/38
 40682 | Orc:2    | Noticed Urug
 40687 | Orc:2    | Killed Urug
 41078 | Orc:2    | Learned a level 6 spell: Iron Shot
 41207 | Orc:2    | Offered knowledge of Eringya's Noxious Bog by Vehumet.
 41252 | Orc:2    | Found Rycsyosh's Jewellery Emporium.
 41263 | Orc:2    | Found Utasoemn's Antique Weapon Emporium.
 41285 | Orc:2    | Found Jaal's General Store.
 41349 | Orc:2    | Bought a potion of heal wounds for 55 gold pieces
 41494 | Orc:2    | Found Hitic's Antique Armour Emporium.
 41500 | Orc:2    | Bought a pitted cloak for 228 gold pieces
 41500 | Orc:2    | Identified the +2 cloak of Tomorrow {MP+9 Dex+3 SInv} (You
                  | bought it in a shop on level 2 of the Orcish Mines)
 42798 | Lair:5   | Reached skill level 5 in Shields
 43854 | Lair:6   | Offered knowledge of Freezing Cloud by Vehumet.
 44352 | Lair:6   | Identified the +5 rapier "Baoblim" {venom, Dex+2}
 44358 | Lair:6   | Identified the +0 leather armour of Serin {rElec Int+6}
 44582 | Lair:1   | Upgraded the game from 0.28-a0-724-g66f9036eb4 to
                  | 0.28-a0-726-g4a9143789a
 44689 | Swamp:1  | Entered Level 1 of the Swamp
 44691 | Swamp:1  | Noticed a tentacled monstrosity
 44700 | Swamp:1  | Killed a tentacled monstrosity
 44701 | Swamp:1  | Reached skill level 10 in Earth Magic
 47021 | Swamp:3  | Noticed Bai Suzhen
 47030 | Swamp:3  | Killed Bai Suzhen
 47184 | Swamp:3  | Noticed a thorn hunter
 47239 | Swamp:3  | Killed a thorn hunter
 47354 | Swamp:3  | Noticed Aizul
 47356 | Swamp:3  | Reached XP level 17. HP: 96/96 MP: 39/39
 47565 | Swamp:3  | Killed Aizul
 48168 | Swamp:3  | Identified the +10 scythe of Vekeb {vorpal, rC- rCorr MP+9
                  | Int+5}
 48489 | Swamp:4  | Entered Level 4 of the Swamp
 49259 | Swamp:4  | Reached skill level 10 in Fire Magic
 51267 | Swamp:4  | Found a basalt altar of Yredelemnul.
 51295 | Swamp:4  | Got a decaying rune of Zot
 51318 | Swamp:4  | Found a blossoming altar of Fedhas.
 52086 | Spider:1 | Entered Level 1 of the Spider Nest
 52172 | Orc:1    | Bought a scroll of acquirement for 780 gold pieces
 52172 | Orc:1    | Acquired the ring of Emmuothi {rPois rF+ rN+ rCorr Dex+2}
 52883 | Spider:1 | Reached ****** piety under Vehumet
 52883 | Spider:1 | Offered knowledge of Starburst by Vehumet.
 53600 | Spider:1 | Learned a level 6 spell: Starburst
 53621 | Spider:1 | Identified the +6 war axe "Impbane" {flame, Fly rPois rF-
                  | rCorr}
 54219 | Spider:2 | Reached skill level 15 in Hexes
 54422 | Spider:2 | Reached XP level 18. HP: 94/101 MP: 36/40
 54430 | Spider:2 | Reached skill level 15 in Earth Magic
 54827 | Spider:2 | Learned a level 5 spell: Borgnjor's Vile Clutch
 55310 | Lair:1   | Learned a level 5 spell: Irradiate
 56636 | Spider:4 | Entered Level 4 of the Spider Nest
 56639 | Spider:4 | Offered knowledge of Lightning Bolt by Vehumet.
 56747 | Spider:4 | Reached skill level 1 in Transmutations
 58532 | Spider:4 | Reached skill level 5 in Transmutations
 59457 | Spider:4 | Reached skill level 1 in Necromancy
 59468 | Spider:4 | Offered knowledge of Ignition by Vehumet.
 60002 | Spider:4 | Got a gossamer rune of Zot
 60225 | Lair:1   | Upgraded the game from 0.28-a0-726-g4a9143789a to
                  | 0.28-a0-730-g892d06dc2c
 60236 | Lair:1   | Learned a level 2 spell: Sublimation of Blood
 60242 | Lair:1   | Learned a level 2 spell: Blink
 60348 | Vaults:1 | Entered Level 1 of the Vaults
 61902 | Vaults:1 | Found Dinugrix's Distillery.
 61911 | Vaults:1 | Bought a potion of magic for 104 gold pieces
 61911 | Vaults:1 | Bought a potion of heal wounds for 65 gold pieces
 61911 | Vaults:1 | Bought a potion of curing for 39 gold pieces
 61911 | Vaults:1 | Bought a potion of curing for 39 gold pieces
 61960 | Vaults:1 | Slain by a dire elephant

Illustrated notes

Levels and vault maps discovered:
D:1:      kennysheep_arrival_forest, layout_basic, serial_shops, shop,
          nicolae_diamond_shop, nicolae_shop_temple_entry_statues_fountains,
          shop, shapermc_ecumenical_altar_flowoftime
D:2:      layout_basic, serial_corexii_hall, corexii_hall_statues_l,
          chequers_hall_statues_wall_a, corexii_hall_statues_l,
          corexii_hall_statues_deadend, corexii_hall_statues_s,
          corexii_hall_statues_l, ebering_dispersal_statue_hall
D:3:      layout_basic, xom_butterflies, nicolae_tso_besieged_by_evil,
          mainiacjoe_overflow_alcove_4, uniq_sigmund, uniq_crazy_yiuf_cottage
D:4:      layout_cave_pools, minmay_starry_boxes, uniq_robin
D:5:      layout_gridville, okawaru_altar_gauntlet_db, serial_shops, shop,
          uniq_blork_the_orc
D:6:      layout_cave_pools, mainiacjoe_overflow_24_doors,
          minmay_temple_entry_statues_pillars, st_stairs_1, grunt_potential
D:7:      layout_rooms, nicolae_uskayaw_suspiria, minmay_misc_feat_doors
D:8:      layout_rooms, grunt_temple_overflow_order_and_chaos_2,
          nicolae_vehumet_altar_sigil, marbit_many_paths
D:9:      layout_loops_ring, nicolae_qazlal_scattered_showers,
          overflow_temple_1_default, serial_aquarium, aquarium_bridge_straight
          [aquarium_subvault_bridge, aquarium_subvault_wall,
          aquarium_subvault_bridge, aquarium_subvault_wall],
          aquarium_bridge_square [aquarium_subvault_window,
          aquarium_subvault_bridge, aquarium_subvault_bridge,
          aquarium_subvault_bridge], aquarium_window_corridor_1,
          aquarium_window_fake, aquarium_window_1, aquarium_view_2b,
          aquarium_view_2d, aquarium_pool_2,
          hellmonk_guarded_unrand_vitality_bloodlust
D:10:     layout_roguey, nicolae_ru_great_annihilating_truth, uniq_psyche,
          uniq_grum
D:11:     layout_big_octagon, due_lair_maze_entry_diamond, kennysheep_diamond,
          hellmonk_guarded_unrand_dark_maul
D:12:     layout_loops_ring, minmay_orc_entry_guard_dogs, roderic_lattice_a
D:13:     layout_layer_cave
D:14:     minmay_the_grid_octo_triangle [minmay_the_grid_octo_toaster,
          minmay_the_grid_octo_prize_ultimate_mussel_roller,
          minmay_the_grid_octo_teeth], layout_rooms, ximxim_vaults_locker_room,
          enter_trove_1, uniq_agnes
D:15:     gammafunk_enter_depths_forms, layout_irregular_city,
          nicolae_ashenzari_panopticon, pf_eden, uniq_rupert, uniq_louise
Temple:   compressed_dpeg_triangle_lava_temple
Lair:1:   layout_misc_corridors, worms_lemuel
Lair:2:   layout_loops_ring
Lair:3:   layout_gridlike, spider_nest_entry_a
Lair:4:   layout_layer_cave, minmay_swamp_entry_reptiles
Lair:5:   layout_concentric_octagons, minmay_slime_entry_pillars,
          chequers_serial_rivers_micro_b, nicolae_lair_grove_arrangements,
          grunt_megastairs_1, serial_bayou_shore_b, infiniplex_staircase_pool_2
Lair:6:   gammafunk_lair_ancient_temple, layout_loops_ring, grunt_megastairs_5
Swamp:1:  nicolae_swamp_ascending_descending_big, layout_basic_swamp,
          nicolae_swamp_bean_lake
Swamp:2:  layout_falls_marsh, nicolae_swamp_little_swirl, swamp_pool5
Swamp:3:  layout_basic_swamp, nicolae_swamp_ascending_descending,
          uniq_bai_suzhen, uniq_aizul
Swamp:4:  byrel_swamp_growth_death_and_undeath, layout_basic_swamp
Spider:1: layout_spider_delve
Spider:2: layout_spider_delve
Spider:3: layout_spider_delve
Spider:4: grunt_spider_rune_circles
Orc:1:    layout_diamond_mine, serial_shops, nicolae_shop_trees,
          lemuel_statue_altar
Orc:2:    grunt_orc_cross, layout_diamond_mine
Vaults:1: nicolae_vaults_little_squares_4, v_rooms_2,
          nicolae_vaults_little_squares_4, st_cells, vaults_room_ringed_pool,
          vaults_room_door_ring, vaults_room_corners, layout_vaults_omnigrid,
          serial_shops, shop

Skill      XL: |  1  2  3  4  5  6  7  8  9 10 11 12 13 14 15 16 17 18 |
---------------+-------------------------------------------------------+-----
Spellcasting   | 4 5 6 7 9 11 12 14 15 16 | 16.0
Conjurations   | 5 6 7 9 12 14 | 14.0
Hexes          | 2 4 5 7 8 9 12 14 15 16 | 16.0
Translocations | 1 4 5 7 8 9 11 12 | 12.0
Fighting       | 3 5 7 |  7.0
Dodging        | 4 7 9 12 | 12.0
Shields        | 3 4 7 |  7.0
Evocations     | 3 5 7 8 9 |  9.0
Stealth        | 7 9 12 | 12.4
Earth Magic    | 4 5 13 14 15 | 15.0
Fire Magic     | 9 12 14 | 14.0
Transmutations | 7 |  7.5
Necromancy     | 4 |  4.9

Action                   |  1- 3 |  4- 6 |  7- 9 | 10-12 | 13-15 | 16-18 || total
-------------------------+-------+-------+-------+-------+-------+-------++-------
Melee: Unarmed           |     5 |       |       |       |       |       ||     5
       Whip              |       |       |       |       |    14 |       ||    14
       Hunting sling     |       |       |       |       |     1 |     2 ||     3
       Staff             |       |       |       |       |       |     3 ||     3
 Fire: Hunting sling     |     7 |    22 |    96 |   104 |    70 |   106 ||   405
Throw: Dart              |       |       |       |       |     9 |     8 ||    17
 Cast: Magic Dart        |    58 |    35 |     2 |       |       |       ||    95
       Searing Ray       |     5 |    21 |    70 |   108 |    26 |     3 ||   233
       Fulminant Prism   |       |     1 |    21 |    85 |    75 |    35 ||   217
       Iskenderun's Myst |       |       |     8 |    83 |   111 |   122 ||   324
       Stone Arrow       |       |       |       |    11 |   186 |   215 ||   412
       Orb of Destructio |       |       |       |       |   122 |   153 ||   275
       Fireball          |       |       |       |       |    68 |    66 ||   134
       Iron Shot         |       |       |       |       |       |   229 ||   229
       Starburst         |       |       |       |       |       |    11 ||    11
       Irradiate         |       |       |       |       |       |    21 ||    21
       Borgnjor's Vile C |       |       |       |       |       |    12 ||    12
       Sublimation of Bl |       |       |       |       |       |     3 ||     3
       Blink             |       |       |       |       |       |     2 ||     2
       Confusing Touch   |       |       |       |       |       |     2 ||     2
Evoke: Wand              |       |       |       |     1 |    10 |    10 ||    21
       Tin of tremorston |       |       |       |       |     2 |     4 ||     6
       Condenser vane    |       |       |       |       |     1 |     1 ||     2
       Phial of floods   |       |       |       |       |     1 |       ||     1
  Use: Scroll            |       |     3 |     7 |    13 |    15 |     9 ||    47
       Potion            |       |       |       |       |     2 |     5 ||     7
 Stab: Sleeping          |       |       |       |       |     1 |       ||     1
Armor: Robe              |     2 |     2 |    17 |    42 |    34 |    78 ||   175
       Swamp dragon scal |       |       |       |       |       |     1 ||     1
Dodge: Dodged            |     5 |    13 |    45 |    93 |   143 |   314 ||   613
Block: Buckler           |       |       |       |    38 |    45 |    66 ||   149

Table legend: (Time is in decaauts)
 A = Elapsed time spent in this place.
 B = Non-inter-level travel time spent in this place.
 C = Inter-level travel time spent in this place.
 D = Time resting spent in this place.
 E = Time spent auto-exploring this place.
 F = Levels seen in this place.
 G = Mean time per level.
                   A        B        C        D        E       F      G
               +--------+--------+--------+--------+--------+-----+--------+
         Total |  62647 |  58451 |   4196 |  32182 |  13369 |  34 | 1842.6 |
       Dungeon |  28783 |  26664 |   2119 |  14677 |   7501 |  15 | 1918.9 |
        Temple |    252 |    234 |     18 |      0 |    227 |   1 |  252.0 |
          Lair |  14240 |  12940 |   1300 |   6985 |   2596 |   6 | 2373.3 |
         Swamp |   7292 |   6982 |    310 |   3880 |    912 |   4 | 1823.0 |
   Spider Nest |   7583 |   7278 |    305 |   4398 |   1448 |   4 | 1895.8 |
  Orcish Mines |   3797 |   3656 |    141 |   1920 |    659 |   2 | 1898.5 |
        Vaults |    330 |    330 |      0 |    110 |     25 |   1 |  330.0 |
         Abyss |    367 |    367 |      0 |    211 |      0 |   1 |  367.0 |
               +--------+--------+--------+--------+--------+-----+--------+

Top non-repeatable levels by time:
    D:14: 3777 daAuts
  Lair:2: 3616 daAuts
  Lair:1: 3036 daAuts
Spider:4: 2969 daAuts
 Swamp:4: 2889 daAuts
   Orc:2: 2834 daAuts
    D:13: 2734 daAuts
    D:11: 2615 daAuts
    D:15: 2529 daAuts
  Lair:5: 2420 daAuts
     D:9: 2221 daAuts
  Lair:4: 2210 daAuts
 Swamp:3: 1985 daAuts
     D:3: 1916 daAuts
Spider:1: 1812 daAuts
